AoeStats
← Ok Boomer

Black Forest

509724426Analyzed
2v2 RM · 6d ago on Sep 27, 2026· 14m 21s· 4 players
Game mode
Random Map
Map size
Medium (4 player)
Population
200
Speed
Normal
Resources
Standard
Victory
Conquest
Starting age
Dark Age
Ending age
Imperial Age
RankedLock teamsTeams togetherTeam positionsShared explorationLock speedFull tech treeHidden civsTurbo modeCheats
Victory
Defeat
🇩🇪 Japanese · Germany
1456
+12
🇨🇦 Britons · Canada
1418
+14
🇨🇭 Danes · Switzerland
1369
-13
🇨🇭 Bengalis · Switzerland
1368
-13
Jaha
0:44 Loom
11:04 Feudal Age
11:55 Double-Bit Axe
16:54 Castle Age
Ficki-T-E
9:27 Feudal Age
9:29 Man-at-Arms
10:16 Arson
12:44 Scale Mail Armor
14:37 Double-Bit Axe
Ok Boomer
0:40 Loom
12:57 Feudal Age
BETTERGETLOOM
2:16 Loom
10:54 Feudal Age
15:13 Castle Age
13:16 Double-Bit Axe
14:23 Fletching
Connection lost

Rejoining the realm…

Still unreachable

The connection could not be restored.

Session expired

The server has moved on; the page needs a fresh start.